 Dungeon Crawl Stone Soup version 0.19-a0-994-g3c636f0 (webtiles) character file.

79 Goblin1989 the Sneak (level 4, 0/26 HPs)
             Began as a Kobold Assassin on July 16, 2016.
             Slain by a bat (1 damage)
             ... on level 3 of the Dungeon.
             The game lasted 00:05:13 (1852 turns).

Goblin1989 the Sneak (Kobold Assassin)              Turns: 1852, Time: 00:05:14

Health: 0/26       AC:  5    Str:  9    XL:     4   Next: 62%
Magic:  4/4        EV: 13    Int:  9    God:
Gold:   100        SH:  7    Dex: 18    Spells: 0 memorised, 3 levels left

rFire  . . .     SeeInvis .     a - +2 dagger (venom)
rCold  . . .     Gourm    .     c - +0 robe
rNeg   . . .     Faith    .     l - +0 shield
rPois  .         Spirit   .     v - +1 hat
rElec  .         Dismiss  .     o - +1 cloak
rCorr  .         Reflect  .     (no gloves)
SustAt .         Harm     .     (no boots)
MR     .....                    (no amulet)
Stlth  ++++......               (no ring)
                                (no ring)

@: not resistant to hostile enchantments, stealthy
A: carnivore 3
a: no special abilities


You were on level 3 of the Dungeon.
You were very full.

You visited 1 branch of the dungeon, and saw 3 of its levels.

You collected 100 gold pieces.

Inventory:

Hand Weapons
 a - a +2 dagger of venom (weapon)
 b - a +0 blowgun
 x - a +0 falchion of holy wrath
Missiles
 e - 22 poisoned needles
 f - 2 curare-tipped needles
 t - 6 needles of sleeping
Armour
 c - a +0 robe (worn)
 l - a +0 shield (worn)
 o - a +1 cloak (worn)
 v - a +1 hat (worn)
Jewellery
 p - a cursed amulet of inaccuracy {unknown}
Scrolls
 d - a scroll of blinking {unknown}
 i - 2 scrolls of enchant armour {unknown}
 k - a scroll of remove curse {unknown}
 m - 3 scrolls of identify {unknown}
 r - a scroll of recharging {unknown}
 u - a scroll of amnesia {unknown}
Potions
 h - 2 potions of agility {unknown}
 j - a potion of invisibility {unknown}
 n - a potion of curing {unknown}
 q - a potion of ambrosia {unknown}
 A - a potion of might {unknown}
Comestibles
 g - 2 meat rations
 s - 2 slices of pizza
 z - a beef jerky


   Skills:
 - Level 2.1 Fighting
 * Level 4.7 Short Blades
 - Level 2.1 Throwing
 + Level 2.8 Dodging
 + Level 5.7 Stealth


You had 3 spell levels left.
You didn't know any spells.

Dungeon Overview and Level Annotations

Branches:
Dungeon (3/15)

Altars:
Fedhas
Trog

Annotations:
D:2 Natasha
D:3 exclusion: Terence, Grinder, Terence


Innate Abilities, Weirdness & Mutations

You are small and have problems with some larger weapons.
You are carnivorous and can eat meat at any time.


Message History

You are too injured to fight recklessly!
You closely miss Grinder. The bat misses you. You block the bat's attack.
You block the giant newt's attack. Grinder hits you but does no damage.
You hit Grinder. The bat hits you but does no damage.
You block the giant newt's attack. Grinder hits you!
* * * LOW HITPOINT WARNING * * *
You writhe in agony.
* * * LOW HITPOINT WARNING * * *
You take 10 damage, and have 3/26 hp.
MASSIVE DAMAGE!!
Grinder blinks!
The bat hits you.
* * * LOW HITPOINT WARNING * * *
Grinder blinks!
You see here a coral ring.
You take 1 damage, and have 2/26 hp.
The bat hits you.
* * * LOW HITPOINT WARNING * * *
You take 1 damage, and have 1/26 hp.
You miss the bat. The bat hits you.
You die...

.. ... .#
####.. ..#
#.......#
.### #.
..#.. ##
########
.....#. #...
.. #......#
#.?#.##.##.#
#.####.#
#..?...b@..#
#.####.##
#.##.†#=#.##
#.#.....##
#.....l.#.#
#.#.##...#
#####.#.#.#
#.........
#.....#
###.....<#
##...##
###.#.##
#..§# #.###
#...#
######.# ##
#...#
#......# #.


You could see a bat and a giant newt.

Vanquished Creatures
  An adder (D:2)
  2 giant geckos
  A giant cockroach (D:2)
  8 goblins
  6 hobgoblins
  16 jackals
  5 bats
  7 giant newts
  7 kobolds
  9 rats
62 creatures vanquished.

Notes
Turn   | Place    | Note
-------+----------+-------------------------------------------
     0 | D:1      | Goblin1989 the Kobold Assassin began the quest for the Orb.
     0 | D:1      | Reached XP level 1. HP: 12/12 MP: 1/1
    86 | D:1      | Reached XP level 2. HP: 16/17 MP: 2/2
   280 | D:1      | Reached XP level 3. HP: 18/21 MP: 3/3
  1123 | D:2      | Found a bloodstained altar of Trog.
  1138 | D:2      | Reached XP level 4. HP: 23/26 MP: 4/4
  1229 | D:2      | Found a blossoming altar of Fedhas.
  1418 | D:2      | Noticed Natasha
  1554 | D:3      | Noticed Terence
  1837 | D:3      | Noticed Grinder
  1851 | D:3      | HP: 1/26 [bat (1)]
  1852 | D:3      | Slain by a bat

Vault maps used:
D:1:      saegor_arrival_simple_c, roderic_chinese_pattern_swastika,
          minmay_misc_feat_pillars
D:2:      bloody_trog, marbit_many_paths, kennysheep_small_spiral,
          serial_bayou_ford_a, dk_noncrumbling_4, serial_bayou_lagoon_a,
          minmay_tetromino_l4, uniq_natasha
D:3:      kennysheep_okawaru_gauntlet, first_bread, grunt_pakellas_sulfur,
          uniq_grinder, uniq_terence

Skill      XL: |  1  2  3 |
---------------+----------+-----
Short Blades   | 3 4 |  4.7
Dodging        | 2 |  2.8
Fighting       | |  2.1
Throwing       | |  2.1
Stealth        | |  5.7

Action                   |  1- 3 |  4- 6 || total
-------------------------+-------+-------++-------
Melee: Dagger            |    94 |    83 ||   177
 Stab: Sleeping          |     7 |     7 ||    14
  Eat: Chunk             |     8 |     3 ||    11
Armor: Robe              |     4 |    34 ||    38
Dodge: Dodged            |    40 |    64 ||   104
Block: Shield            |    22 |    30 ||    52
